 Dungeon Crawl Stone Soup version 0.25-a0-690-g234afa5 (webtiles) character file.

Game seed: 3806399275033087578, levelgen mode: deterministic

193 shukka the Magician (level 5, -4/28 HPs)
             Began as a Deep Elf Wizard on Mar 30, 2020.
             Killed by divine providence
             ... invoked by an orc priest
              (15 damage)
             ... on level 4 of the Dungeon.
             The game lasted 00:37:53 (4570 turns).

shukka the Magician (Deep Elf Wizard)               Turns: 4570, Time: 00:37:54

Health: -4/28      AC:  2    Str:  5    XL:     5   Next: 43%
Magic:  8/15       EV: 13    Int: 23    God:
Gold:   127        SH:  0    Dex: 13    Spells: 3/15 levels left

rFire    . . .     SeeInvis .   c - +0 dagger
rCold    . . .     Gourm    .   (no shield)
rNeg     . . .     Faith    .   a - +0 robe
rPois    .         Spirit   .   b - +0 hat
rElec    .         Reflect  .   (no cloak)
rCorr    .         Harm     .   (no gloves)
MR       .....                  (no boots)
Stlth    ++........             (no amulet)
HPRegen  0.09/turn              (no ring)
MPRegen  0.14/turn              (no ring)

@: no status effects
A: no striking features
a: no special abilities


You were on level 4 of the Dungeon.
You were not hungry.

You visited 1 branch of the dungeon, and saw 4 of its levels.

You collected 127 gold pieces.

Inventory:

Hand Weapons
 c - a +0 dagger (weapon)
 v - a +0 spear
Armour
 a - a +0 robe (worn)
 b - a +0 hat (worn)
Wands
 i - a wand of paralysis (10)
Scrolls
 f - a scroll of immolation {unknown}
 g - 2 scrolls of teleportation {unknown}
 h - 5 scrolls of identify {unknown}
 j - 3 scrolls of fear {unknown}
 l - a scroll of remove curse {unknown}
 o - a scroll of amnesia {unknown}
 q - a scroll of enchant armour {unknown}
Potions
 e - 3 potions of curing {unknown}
 m - 2 potions of flight {unknown}
 n - a potion of heal wounds {unknown}
 p - 2 potions of brilliance {unknown}
 r - a potion of lignification {unknown}
 s - a potion of haste {unknown}
 u - a potion of degeneration {unknown}
Comestibles
 d - 8 rations


   Skills:
 - Level 3.1 Dodging
 - Level 3.2 Stealth
 + Level 5.5 Spellcasting
 + Level 3.0 Conjurations
 + Level 1.8 Hexes
 - Level 1.1 Summonings
 - Level 1.1 Translocations
 + Level 1.7 Fire Magic
 + Level 1.5 Ice Magic


You had 3 spell levels left.
You knew the following spells:

 Your Spells              Type           Power        Failure   Level  Hunger
a - Magic Dart            Conj           ###.         2%          1    None
b - Call Imp              Summ           ##......     9%          2    None
c - Blink                 Tloc           N/A          9%          2    None
d - Slow                  Hex            ##......     6%          2    None
e - Conjure Flame         Conj/Fire      ###.....     10%         3    ##.....
f - Ensorcelled Hibernat  Hex/Ice        ##....       7%          2    None

Your spell library contained the following spells:

 Spells                   Type           Power        Failure   Level  Hunger
 Corona                   Hex            ##.....      4%          1    None
 Dazzling Flash           Conj/Hex       ###...       10%         3    ##.....
 Confusing Touch          Hex            ##......     13%         3    ##.....
 Tukima's Dance           Hex            ##......     13%         3    ##.....
 Mephitic Cloud           Conj/Pois/Air  ##......     19%         3    ##.....


Dungeon Overview and Level Annotations

Branches:
Dungeon (4/15)
 Temple: D:4-7

Altars:
Dithmenos


Message History

The magic dart hits the sky beast.
The sky beast is moderately wounded.
Your white imp gestures at the orc priest.
The puff of frost misses the orc priest.
Your crimson imp misses the orc priest.
Casting: Magic Dart (safe; 2% risk of failure)
Confirm with . or Enter, or press ? or * to list all spells.
Aiming: Magic Dart (safe; 2% risk of failure)
Press: ? - help, Shift-Dir - straight line, f/p - sky beast
Aim: a sky beast (moderately wounded)
The magic dart hits the sky beast.
The sky beast is moderately wounded.
Your crimson imp disappears in a puff of smoke!
Your white imp hits the orc priest.
Your white imp freezes the orc priest.
The sky beast flickers out of sight!
Deactivating autopickup; reactivate with Ctrl-A.
The orc priest mumbles some strange prayers to Beogh against you.
Beogh smites you!
Ouch! That really hurt!
You die...

#......####.....#.##
.......#.###.......#
##.....#.###.......##
...........#........##
÷####....###.........#
.##........##..##....#
.#..........#........###
....#.)........##....#.###
..####..........@........#
.######..#........#####..##
.........#......{## ##....#
#...............{####....##
##..............o...#.....##
.#...........5..5..........#
.#####.....................#
.#.#.#......#...§.........##
##.........####...........#


You could see an orc priest, a friendly crimson imp and a friendly white imp.

Vanquished Creatures
  A hound (D:4)
  An orc priest (D:3)
  A gnoll (D:4)
  A worm (D:2)
  A dart slug (D:1)
  A bat (D:1)
  A giant cockroach (D:1)
  3 goblins
  2 hobgoblins (D:1)
  3 frilled lizards
  2 kobolds (D:1)
  A rat (D:2)
18 creatures vanquished.

Vanquished Creatures (collateral kills)
  An orc wizard (D:3)
  2 worker ants
  3 gnolls (D:4)
  2 adders
  3 worms (D:2)
  2 dart slugs
  A leopard gecko (D:4)
  6 orcs (D:3)
  A ball python (D:2)
  2 bats
  4 giant cockroaches
  3 hobgoblins
  12 jackals
  A frilled lizard (D:3)
  2 goblins
  A kobold (D:3)
  5 rats
51 creatures vanquished.

Grand Total: 69 creatures vanquished

Notes
Turn   | Place    | Note
-------+----------+-------------------------------------------
     0 | D:1      | shukka the Deep Elf Wizard began the quest for the Orb.
     0 | D:1      | Reached XP level 1. HP: 10/10 MP: 7/7
   371 | D:1      | Reached XP level 2. HP: 15/15 MP: 7/9
   375 | D:1      | Learned a level 2 spell: Call Imp
   378 | D:1      | Learned a level 2 spell: Blink
   381 | D:1      | Learned a level 2 spell: Slow
  1614 | D:2      | Reached XP level 3. HP: 19/19 MP: 3/11
  1729 | D:2      | Learned a level 3 spell: Conjure Flame
  2320 | D:2      | Upgraded the game from 0.25-a0-670-g50981ef to
                  | 0.25-a0-690-g234afa5
  2895 | D:3      | Reached skill level 5 in Spellcasting
  3119 | D:3      | Reached XP level 4. HP: 19/24 MP: 9/13
  3259 | D:3      | Learned a level 2 spell: Ensorcelled Hibernation
  3596 | D:3      | Reached skill level 1 in Fire Magic
  3635 | D:3      | Reached skill level 1 in Hexes
  3820 | D:4      | Reached skill level 1 in Ice Magic
  3882 | D:4      | Reached XP level 5. HP: 16/28 MP: 1/14
  4092 | D:4      | Found a shadowy altar of Dithmenos,
  4324 | D:4      | Noticed a sky beast
  4570 | D:4      | Killed from afar by an orc priest

Levels and vault maps discovered:
D:1:      dpeg_arrival_concentric_ovals, layout_loops_corners, serial_forest,
          infiniplex_forest_clump_diagonal, infiniplex_forest_lined_ring,
          infiniplex_forest_lined_2, infiniplex_forest_end_double,
          infiniplex_forest_lined_ring, infiniplex_forest_clump_small,
          infiniplex_forest_clump_double, infiniplex_forest_lined_ring,
          chequers_jeans
D:2:      layout_rooms, chequers_garden, kennysheep_doodads
D:3:      layout_basic, feat_on_display
D:4:      layout_cave_pools, marbit_many_paths

Skill      XL: |  1  2  3  4  5 |
---------------+----------------+-----
Stealth        | 3 |  3.2
Dodging        | 3 |  3.1
Conjurations   | 2 3 |  3.0
Spellcasting   | 5 |  5.5
Fire Magic     | 1 |  1.7
Hexes          | 1 |  1.8
Ice Magic      | 1 |  1.5
Summonings     | |  1.1
Translocations | |  1.1

Action                   |  1- 3 |  4- 6 || total
-------------------------+-------+-------++-------
Melee: Dagger            |    19 |     5 ||    24
       Trident           |       |     4 ||     4
 Cast: Magic Dart        |    38 |    22 ||    60
       Call Imp          |    48 |    34 ||    82
       Blink             |     1 |     1 ||     2
       Conjure Flame     |     4 |     5 ||     9
 Stab: Sleeping          |     1 |       ||     1
  Eat: Chunk             |     7 |     4 ||    11
Armor: Robe              |    12 |     4 ||    16
Dodge: Dodged            |    53 |    16 ||    69

Table legend:
 A = Non-vault XP
 B = Vault XP
 C = Vault XP percentage of total XP
 D = Non-vault monster count
 E = Vault monster count
 F = Vault count percentage of total count
                 A         B        C        D         E       F
            +---------+---------+-------+---------+---------+-------
      Total |     276 |       0 |   0.0 |      69 |       0 |   0.0
            +---------+---------+-------+---------+---------+-------
        D:1 |      27 |       0 |   0.0 |      18 |       0 |   0.0
        D:2 |      38 |       0 |   0.0 |      22 |       0 |   0.0
        D:3 |     110 |       0 |   0.0 |      21 |       0 |   0.0
        D:4 |     101 |       0 |   0.0 |       8 |       0 |   0.0
            +---------+---------+-------+---------+---------+-------
